 Dungeon Crawl Stone Soup version 0.28-a0-381-g937acc2988 (webtiles) character file.

Game seed: 832585390286351767

77 Archison the Sneak (level 4, 0/21 HPs)
             Began as a Spriggan Enchanter on Sept 1, 2021.
             Succumbed to an adder's poison
             ... on level 2 of the Dungeon.
             The game lasted 00:05:54 (2337 turns).

Archison the Sneak (Spriggan Enchanter)             Turns: 2337, Time: 00:05:55

Health: 0/21       AC:  2    Str:  4    XL:     4   Next: 13%
Magic:  0/9        EV: 17    Int: 17    God:
Gold:   127        SH:  0    Dex: 15    Spells: 6/8 levels left

rFire   . . .      SeeInvis +   a - +1 dagger
rCold   . . .      Faith    .   (shield restricted)
rNeg    . . .      Spirit   .   b - +0 robe
rPois   .          Reflect  .   (helmet restricted)
rElec   .          Harm     .   (no cloak)
rCorr   .          Rampage  .   (gloves unavailable)
Will    .....                   (boots unavailable)
Stlth   +++.......              (no amulet)
HPRegen 0.07/turn               (no ring)
MPRegen 0.11/turn               (no ring)

@: lethally poisoned (0 -> -4), very slightly contaminated, very quick
A: very small, no large weapons, unfitting armour, see invisible, speed 3
a: no special abilities


You were on level 2 of the Dungeon.
You visited 1 branch of the dungeon, and saw 2 of its levels.

You collected 127 gold pieces.

Inventory:

Hand Weapons
 a - a +1 dagger (weapon)
Armour
 b - a +0 robe (worn)
Jewellery
 d - an amulet of the acrobat
Scrolls
 e - a scroll of teleportation {unknown}
 f - a scroll of noise {unknown}
 g - a scroll of identify {unknown}
Potions
 c - a potion of invisibility


   Skills:
 - Level 1.1 Short Blades
 * Level 3.3 Dodging
 * Level 6.6 Stealth
 - Level 2.6 Spellcasting
 * Level 4.4 Hexes


You had 6 spell levels left.
You knew the following spells:

 Your Spells              Type           Power      Damage    Failure   Level
a - Ensorcelled Hibernat  Hex/Ice        18%        N/A       11%         2

Your spell library contained the following spells:

 Spells                   Type           Power      Damage    Failure   Level
 Confusing Touch          Hex            17%        N/A       9%          3
 Tukima's Dance           Hex            17%        N/A       9%          3
 Dazzling Flash           Conj/Hex       18%        N/A       22%         3
 Spider Form              Tmut/Pois      1%         N/A       47%         3


Dungeon Overview and Level Annotations

Branches:
Dungeon (2/15)

Altars:
Ashenzari


Innate Abilities, Weirdness & Mutations

You are very small and have problems with some larger weapons.
You are too small for most types of armour.
You have supernaturally acute eyesight. (SInv)
You cover ground extremely quickly. (Speed+++)


Message History

Aim: an adder (chance to affect: 50%)
You miscast Ensorcelled Hibernation.
Nothing appears to happen.
The adder barely misses you.
Casting: Ensorcelled Hibernation (safe; 11% risk of failure)
Confirm with . or Enter, or press ? or * to list all spells.
Aiming: Ensorcelled Hibernation (safe; 11% risk of failure)
Press: ? - help, Shift-Dir - straight line, f/p - adder
Aim: an adder (chance to affect: 50%)
The adder resists with some effort.
The adder barely misses you. The adder misses you.
Casting: Ensorcelled Hibernation (safe; 11% risk of failure)
Confirm with . or Enter, or press ? or * to list all spells.
You don't know that spell.
Unknown command.
Casting: Ensorcelled Hibernation (safe; 11% risk of failure)
Confirm with . or Enter, or press ? or * to list all spells.
Aiming: Ensorcelled Hibernation (safe; 11% risk of failure)
Press: ? - help, Shift-Dir - straight line, f/p - adder
Aim: an adder (chance to affect: 50%)
You miscast Ensorcelled Hibernation.
Nothing appears to happen.
Casting: Ensorcelled Hibernation (safe; 11% risk of failure)
Confirm with . or Enter, or press ? or * to list all spells.
Aiming: Ensorcelled Hibernation (safe; 11% risk of failure)
Press: ? - help, Shift-Dir - straight line, f/p - adder
Aim: an adder (chance to affect: 50%)
The adder resists with some effort.
The adder misses you.
You closely miss the adder. The adder bites you.
You barely miss the adder. The adder bites you.
You barely miss the adder. The adder bites you.
* * * LOW HITPOINT WARNING * * *
You are lethally poisoned!
The adder poisons you!
* * * LOW HITPOINT WARNING * * *
You feel sick. The adder misses you.
Okay, then.
* * * LOW HITPOINT WARNING * * *
You feel sick.
As you read the scroll labelled SAAK BU KOR, it crumbles to dust.
The scroll dissolves into smoke.
It was a scroll of fog.
You die...

#.# #.# #S# #..#
#####.# #.# .. ...#.#
#.# #.#
######.#.#######.#
#.####........##......#
#.#.......#.......#####
#.#.......#...§.#§§.#
..........#.#.§§§§#.#
............#..#@##
..........#.#<.#S#
..........#.#..#§#
.................#
....####...<.>...# ...
#.........^..#
......##........##
....# #........###.# ..
#............#


You could see an adder.

Vanquished Creatures
  4 adders (D:2)
  3 ball pythons (D:2)
  3 bats
  3 endoplasms
  4 giant cockroaches
  3 goblins (D:2)
  5 hobgoblins
  2 kobolds (D:2)
  3 quokkas
  5 frilled lizards
  3 rats
38 creatures vanquished.

Notes
Turn   | Place    | Note
-------+----------+-------------------------------------------
     0 | D:1      | Archison the Spriggan Enchanter began the quest for the
                  | Orb.
     0 | D:1      | Reached XP level 1. HP: 9/9 MP: 5/5
   658 | D:1      | Reached XP level 2. HP: 7/13 MP: 6/6
   697 | D:1      | Learned a level 2 spell: Ensorcelled Hibernation
  1129 | D:1      | Reached skill level 5 in Stealth
  1301 | D:2      | Found a broken altar of Ashenzari.
  1305 | D:2      | Found a faded altar of an unknown god.
  1442 | D:2      | Reached XP level 3. HP: 16/16 MP: 4/8
  1820 | D:2      | Reached skill level 6 in Stealth
  1976 | D:2      | Reached XP level 4. HP: 16/21 MP: 6/9
  2336 | D:2      | HP: 1/21 [poisoned by an adder]
  2337 | D:2      | Succumbed to an adder's poison

Illustrated notes

Levels and vault maps discovered:
D:1:      heliophobic_arrival_ceremonial_halls, layout_loops_corners,
          serial_forest, infiniplex_forest_lined_2,
          infiniplex_forest_lined_room_2, infiniplex_forest_clump_large,
          infiniplex_forest_clump_large, infiniplex_forest_lined_corner,
          infiniplex_forest_clump_long, infiniplex_forest_end_2
D:2:      layout_loops_ring, chequers_ecumenical_altar_simple_redux, basic_altar

Skill      XL: |  1  2  3 |
---------------+----------+-----
Hexes          | 4 |  4.4
Stealth        | 5 6 |  6.6
Dodging        | 3 |  3.3
Short Blades   | |  1.1
Spellcasting   | |  2.6

Action                   |  1- 3 |  4- 6 || total
-------------------------+-------+-------++-------
Melee: Dagger            |    78 |     8 ||    86
 Cast: Ensorcelled Hiber |    21 |    10 ||    31
  Use: Scroll            |       |     1 ||     1
 Stab: Sleeping          |    24 |     3 ||    27
Armor: Robe              |     7 |       ||     7
Dodge: Dodged            |    58 |    10 ||    68

Table legend: (Time is in decaauts)
 A = Elapsed time spent in this place.
 B = Non-inter-level travel time spent in this place.
 C = Inter-level travel time spent in this place.
 D = Time resting spent in this place.
 E = Time spent auto-exploring this place.
 F = Levels seen in this place.
 G = Mean time per level.
                   A        B        C        D        E       F      G
               +--------+--------+--------+--------+--------+-----+--------+
         Total |   1830 |   1820 |     10 |    731 |    682 |   2 |  915.0 |
       Dungeon |   1830 |   1820 |     10 |    731 |    682 |   2 |  915.0 |
               +--------+--------+--------+--------+--------+-----+--------+

Top non-repeatable levels by time:
     D:1: 984 daAuts
     D:2: 845 daAuts
